 Dungeon Crawl Stone Soup version 0.25-a0-1079-g858b6a6ff6 (webtiles) character file.

Game seed: 5740366778374143603, levelgen mode: deterministic

15852 Esekla the Cleaver (level 12, -6/77 HPs)
             Began as an Octopode Wizard on May 15, 2020.
             Was an Elder of Qazlal.
             Mangled by a four-headed hydra (10 damage)
             ... on level 1 of the Lair of Beasts.
             The game lasted 01:55:40 (14387 turns).

Esekla the Cleaver (Octopode Wizard)               Turns: 14387, Time: 01:55:40

Health: -6/77      AC:  4    Str:  9    XL:     12   Next: 31%
Magic:  19/23      EV: 15    Int: 32    God:    Qazlal [****..]
Gold:   792        SH: 10    Dex: 12    Spells: 0/25 levels left

rFire    . . .     SeeInvis .   s - +6 spear of Caecleca {vorpal, +Fly}
rCold    . . .     Gourm    .   (no shield)
rNeg     + . .     Faith    .   W - +1 hat
rPois    .         Spirit   .   t - amulet of reflection
rElec    .         Reflect  +   J - ring "Xyrph" {rN+ Str+3 Int+6}
rCorr    .         Harm     .   A - ring of flight
MR       .....                  N - ring of wizardry
Stlth    ++........             (no ring)
HPRegen  0.22/turn              (no ring)
MPRegen  0.18/turn              (no ring)
                                (no ring)
                                (no ring)

@: repel missiles
A: almost no armour, stealthy swim, amphibious, 8 rings, constrict 8, slimy
green scales 1, camouflage 1, clever 1, deterioration 1, gelatinous body 1,
evolution 1, subdued magic 1
a: Upheaval, Elemental Force, Renounce Religion, Evoke Flight


You were on level 1 of the Lair of Beasts.
You worshipped Qazlal.
Qazlal was greatly pleased with you.
You were near starving.

You visited 3 branches of the dungeon, and saw 13 of its levels.

You collected 792 gold pieces.

Inventory:

Hand Weapons
 a - the +9 hand axe of Action {vorpal, Str+3}
   (You found it on level 4 of the Dungeon)

   It inflicts extra damage upon your enemies.
   It affects your strength (+3).
 s - the +6 spear of Caecleca (weapon) {vorpal, +Fly}
   (You took it off an orc on level 7 of the Dungeon)

   It inflicts extra damage upon your enemies.
   It lets you fly.
 u - a +3 short sword
 R - a +1 vorpal falchion
Missiles
 g - 85 poisoned darts (quivered)
 i - 6 boomerangs
 v - 8 curare-tipped darts
Armour
 r - a +2 tower shield
 I - a +0 hat
 W - a +1 hat (worn)
Magical Staves
 w - an uncursed staff of air
Jewellery
 n - an uncursed amulet of guardian spirit
 t - an amulet of reflection (around mantle)
 A - a ring of flight (right tentacle)
 G - the ring "Reawn" {Fire MP+9}
   (You found it on level 3 of the Dungeon)

   [ring of fire]

   It enhances your fire magic.
   It protects you from fire.
   It makes you vulnerable to cold.
   It affects your magic capacity (+9).
 J - the ring "Xyrph" (left tentacle) {rN+ Str+3 Int+6}
   (You took it off an orc warrior on level 7 of the Dungeon)

   [ring of intelligence]

   It affects your strength (+3).
   It affects your intelligence (+6).
   It protects you from negative energy.
 N - a ring of wizardry (on tentacle)
Wands
 y - a wand of paralysis (4)
 B - a wand of random effects (22)
 D - a wand of acid (11)
 Q - a wand of iceblast (18)
 U - a wand of disintegration (7)
 X - a wand of clouds (5)
Scrolls
 d - 7 scrolls of enchant armour {unknown}
 h - 3 scrolls of magic mapping {unknown}
 j - 2 scrolls of immolation {unknown}
 k - 4 scrolls of fear
 l - 3 scrolls of remove curse
 m - 3 scrolls of fog {unknown}
 q - a scroll of amnesia {unknown}
 E - a scroll of enchant weapon {unknown}
 K - a scroll of vulnerability
 L - a scroll of torment {unknown}
 O - a scroll of identify
 S - a scroll of acquirement
 V - a scroll of teleportation {unknown}
 Y - a scroll of random uselessness {unknown}
Potions
 b - 5 potions of curing
 e - a potion of ambrosia
 f - 3 potions of stabbing
 o - a potion of flight {unknown}
 p - 2 potions of invisibility {unknown}
 x - a potion of heal wounds
 z - 4 potions of lignification {unknown}
 C - 3 potions of mutation
 F - a potion of might {unknown}
 H - a potion of haste {unknown}
 M - 2 potions of berserk rage {unknown}
 P - a potion of resistance {unknown}
 T - 2 potions of brilliance {unknown}
Comestibles
 c - 23 rations


   Skills:
 + Level 5.5 Fighting
 + Level 0.3 Short Blades
 * Level 9.9 Axes
 + Level 0.5(6.2) Polearms
 - Level 3.0 Throwing
 + Level 5.1 Dodging
 - Level 2.6 Stealth
 * Level 5.1 Shields
 * Level 7.4 Spellcasting
 + Level 4.2 Conjurations
 * Level 1.7 Hexes
   Level 1.0 Summonings
 + Level 3.5 Translocations
 + Level 2.6 Transmutations
 + Level 5.5 Fire Magic
 + Level 5.6 Air Magic
 + Level 6.6 Poison Magic
 + Level 0.4 Invocations
 * Level 1.5 Evocations


You couldn't memorise any spells.
You knew the following spells:

 Your Spells              Type           Power        Failure   Level  Hunger
a - Apportation           Tloc           ####..       1%          1    None
b - Blink                 Tloc           N/A          1%          2    None
c - Mephitic Cloud        Conj/Pois/Air  #####...     1%          3    None
d - Magic Dart            Conj           ####         1%          1    None
e - Alistair's Intoxicat  Tmut/Pois      ####....     5%          5    ####...
f - Conjure Flame         Conj/Fire      ####....     1%          3    None
i - Invisibility          Hex            ###.....     69%         6    ######.
p - Passage of Golubria   Tloc           N/A          3%          4    #......

Your spell library contained the following spells:

 Spells                   Type           Power        Failure   Level  Hunger
 Summon Butterflies       Summ           ##......     1%          1    None
 Call Imp                 Summ           ##......     1%          2    None
 Slow                     Hex            ###.....     1%          2    None
 Lesser Beckoning         Tloc           ####......   1%          3    None
 Portal Projectile        Hex/Tloc       ###...       1%          3    None
 Teleport Other           Tloc           ####....     1%          3    None
 Tukima's Dance           Hex            ###.....     1%          3    None
 Hailstorm                Conj/Ice       ###.....     6%          4    #......
 Simulacrum               Ice/Necr       #.........   89%         6    ######.


Dungeon Overview and Level Annotations

Branches:
Dungeon (11/15)            Temple (1/1) D:7            Lair (1/6) D:8
    Orc (0/2) D:9

Altars:
Ashenzari
Cheibriados
Dithmenos
Elyvilon
Fedhas
Gozag
Hepliaklqana
Kikubaaqudgha
Makhleb
Nemelex Xobeh
Okawaru
Qazlal
Ru
Sif Muna
Trog
Uskayaw
Vehumet
Wu Jian
Xom
Yredelemnul
Zin
The Shining One

Annotations:
Lair:1 Grum


Innate Abilities, Weirdness & Mutations

You cannot wear most types of armour.
You are very stealthy in the water. (Stealth+)
You are amphibious.
You can wear up to eight rings at the same time.
You can use your tentacles to constrict eight enemies at once.
Your skin changes colour to match your surroundings (Stealth+).
Your rubbery body absorbs attacks. (AC +1, EV +1)
You are partially covered in slimy green scales. (AC +2)
Your mind is acute. (Int +2)
Your body sometimes deteriorates upon taking damage.
You evolve.
Your spells are a little easier to cast, but a little less powerful.


Message History

The wolf is moderately wounded.
Grum closely misses you. You block the wolf's attack.
The four-headed hydra is engulfed in freezing vapours.
The four-headed hydra seems to slow down.
You hit the four-headed hydra.
The four-headed hydra is severely wounded.
The wolf bites you.
Grum shouts, "Spike!
Good boy!"
Grum hits you from afar with a +0 spear!
Unknown command.
You hit the four-headed hydra.
The four-headed hydra is severely wounded.
The wolf bites you.
The four-headed hydra is engulfed in blazing flames.
The four-headed hydra bites you.
* * * LOW HITPOINT WARNING * * *
The four-headed hydra bites you!
* * * LOW HITPOINT WARNING * * *
The four-headed hydra bites you!
You die...

##.# #####P.P.## ##.###
#P........#
###.'#.#####........#
#........###.......$##
##.....†..##..........#
#..........##........##
##........+.#.○......##.
#..........#..○........
#........†○D@h○.....###
#........P##°.☼.....#
###.####(####°.g.....#
#........# #......###
##..(###### ####P.###
###'#.#####.##.......#
#.......).##.'.......#
##.###.##...#.#.......#
#....#.....+..#)......#


You could see a four-headed hydra (slow), Grum and a wolf.

Vanquished Creatures
  Erolcha (D:10)
  A two-headed ogre (D:11)
  Sonja (D:10)
  Nergalle (D:10)
  A fire crab (D:9)
  A deep elf archer (D:10)
  A deep elf mage (D:11)
  An orc sorcerer (D:9)
  An ugly thing (D:8)
  3 cyclopes
  A manticore (D:10)
  Maurice (D:10)
  Maggie (D:9)
  4 kobold demonologists (D:9)
  2 trolls
  3 hippogriffs
  A wyvern (D:4)
  2 hogs (D:10)
  A human (D:10)
  A wraith (D:9)
  7 yaks
  A hungry ghost (D:9)
  A water moccasin (D:8)
  A black bear (D:11)
  3 sky beasts
  2 ice beasts
  6 orc warriors
  A phantom (D:4)
  3 ogres
  A wolf (Lair:1)
  4 centaurs
  A crocodile (Lair:1)
  3 big kobolds (D:10)
  4 bullfrogs
  2 scorpions
  13 killer bees
  3 howler monkeys
  2 crimson imps
  A bullfrog zombie (D:3)
  2 centaur zombies
  9 orc priests
  12 hounds
  A jelly (D:8)
  9 orc wizards
  3 bullfrog skeletons
  4 centaur skeletons
  An iguana (D:7)
  9 worker ants
  The ghost of Esekla the Skirmisher, a weakling FoAK of Lugonu (D:3)
  A hound skeleton (D:6)
  2 worker ant zombies
  2 howler monkey skeletons (D:6)
  Robin (D:4)
  3 gnolls (D:9)
  13 adders
  A shadow imp (D:4)
  3 oozes
  An adder skeleton (D:3)
  6 worms
  A dart slug (D:3)
  7 leopard geckos
  30 orcs
  5 bats
  3 giant cockroaches
  17 goblins
  11 hobgoblins
  13 jackals
  16 kobolds
  6 quokkas
  10 frilled lizards
  2 jackal skeletons
  A leopard gecko skeleton (D:3)
  A quokka skeleton (D:9)
  7 rats
302 creatures vanquished.

Vanquished Creatures (collateral kills)
  A deep troll (D:9)
1 creature vanquished.

Vanquished Creatures (others)
  A kobold (D:10)
  A plant (Lair:1)
2 creatures vanquished.

Grand Total: 305 creatures vanquished

Notes
Turn   | Place    | Note
-------+----------+-------------------------------------------
     0 | D:1      | Esekla the Octopode Wizard began the quest for the Orb.
     0 | D:1      | Reached XP level 1. HP: 11/11 MP: 4/4
   426 | D:2      | Reached XP level 2. HP: 13/17 MP: 0/6
   482 | D:2      | Learned a level 2 spell: Blink
   514 | D:3      | Found a runed translucent gate.
   514 | D:3      | Found a runed translucent gate.
   514 | D:3      | Found a runed translucent gate.
   514 | D:3      | Noticed Esekla's ghost (weakling FoAK)
   973 | D:2      | Found a snail-covered altar of Cheibriados.
   987 | D:2      | Found a shattered altar of Ashenzari.
  1056 | D:2      | Reached XP level 3. HP: 21/21 MP: 5/8
  1061 | D:2      | Learned a level 3 spell: Mephitic Cloud
  1065 | D:2      | Learned a level 3 spell: Conjure Flame
  1292 | D:2      | Found an iron altar of Okawaru.
  1323 | D:3      | Noticed a hippogriff
  1850 | D:3      | Reached XP level 4. HP: 27/27 MP: 7/9
  1911 | D:4      | Gained mutation: You are frail. (-10% HP) [potion of
                  | mutation]
  1911 | D:4      | Gained mutation: Scrolls take you a little longer to read.
                  | [potion of mutation]
  1911 | D:4      | Lost mutation: You are frail. (-10% HP) [potion of
                  | mutation]
  1914 | D:4      | Lost mutation: Scrolls take you a little longer to read.
                  | [potion of mutation]
  1914 | D:4      | Gained mutation: Scrolls take you a little longer to read.
                  | [potion of mutation]
  1914 | D:4      | Gained mutation: Your body sometimes deteriorates upon
                  | taking damage. [potion of mutation]
  1914 | D:4      | Gained mutation: Your spells are a little easier to cast,
                  | but a little less powerful. [potion of mutation]
  1914 | D:4      | Gained mutation: You evolve. [potion of mutation]
  2228 | D:4      | Got a crystal hand axe
  2273 | D:4      | Identified the +9 hand axe of Action {vorpal, Str+3} (You
                  | found it on level 4 of the Dungeon)
  2339 | D:5      | Entered Level 5 of the Dungeon
  2348 | D:5      | Reached skill level 1 in Poison Magic
  2457 | D:5      | Reached skill level 1 in Fighting
  2505 | D:5      | Reached skill level 1 in Throwing
  2505 | D:5      | Reached XP level 5. HP: 33/33 MP: 9/11
  2551 | D:6      | Noticed a centaur
  2898 | D:5      | Noticed a wyvern
  2913 | D:5      | Noticed an ice beast
  3387 | D:6      | Found a sparkling altar of Nemelex Xobeh.
  3447 | D:5      | Gained mutation: You are partially covered in slimy green
                  | scales. (AC +2) [evolution]
  3800 | D:6      | Reached XP level 6. HP: 28/38 MP: 12/12
  3916 | D:6      | Reached skill level 1 in Air Magic
  4052 | D:7      | Noticed an orc warrior
  4307 | D:7      | Noticed an ice beast
  4469 | D:6      | Reached XP level 7. HP: 43/45 MP: 12/14
  4601 | D:4      | Noticed Robin
  4741 | D:4      | Reached skill level 1 in Axes
  4998 | D:4      | Reached skill level 2 in Axes
  5084 | D:4      | Killed a wyvern
  5084 | D:4      | Reached skill level 1 in Fire Magic
  5268 | D:4      | Killed Robin
  5493 | D:4      | Reached XP level 8. HP: 47/51 MP: 15/15
  5579 | D:4      | Reached skill level 3 in Axes
  6160 | D:6      | Reached skill level 4 in Axes
  6391 | D:7      | Found a glowing silver altar of Zin.
  6428 | D:7      | Found a staircase to the Ecumenical Temple.
  6436 | D:7      | Reached skill level 5 in Spellcasting
  6443 | Temple   | Entered the Ecumenical Temple
  6449 | Temple   | Became a worshipper of Qazlal Stormbringer
  7423 | D:2      | Reached * piety under Qazlal
  7541 | D:2      | Found a shimmering blue altar of Sif Muna.
  7541 | D:2      | Found a glowing silver altar of Zin.
  7621 | D:3      | Killed a hippogriff
  7698 | D:3      | Killed Esekla's ghost
  7698 | D:3      | Reached skill level 5 in Axes
  7709 | D:3      | Got a fine wooden ring
  7715 | D:3      | Identified the ring "Reawn" {Fire MP+9} (You found it on
                  | level 3 of the Dungeon)
  8129 | D:6      | Reached skill level 1 in Shields
  8129 | D:6      | Reached XP level 9. HP: 56/56 MP: 16/16
  8514 | D:7      | Identified the ring "Xyrph" {rN+ Str+3 Int+6}
  8517 | D:7      | Identified the +6 spear of Caecleca {vorpal, +Fly}
  8536 | D:7      | Reached ** piety under Qazlal
  8540 | D:7      | Reached skill level 6 in Axes
  8619 | D:7      | Found a glowing golden altar of the Shining One.
  8872 | D:7      | Lost mutation: Scrolls take you a little longer to read.
                  | [evolution]
  9028 | D:8      | Found a staircase to the Lair.
  9123 | Lair:1   | Entered Level 1 of the Lair of Beasts
  9125 | Lair:1   | Noticed a four-headed hydra
  9139 | Lair:1   | HP: 2/57 [four-headed hydra (5)]
 10163 | D:8      | Reached XP level 10. HP: 18/63 MP: 15/18
 10234 | D:8      | Reached *** piety under Qazlal
 10550 | D:8      | Reached skill level 7 in Axes
 10881 | D:9      | Noticed Maggie
 10905 | D:9      | Killed Maggie
 10906 | D:9      | Reached skill level 5 in Poison Magic
 10980 | D:9      | Found a staircase to the Orcish Mines.
 11241 | D:9      | Reached **** piety under Qazlal
 11300 | D:9      | Noticed a kobold demonologist
 11301 | D:9      | Found a transporter.
 11303 | D:9      | Noticed a kobold demonologist
 11333 | D:9      | Found a transporter.
 11357 | D:9      | Noticed a fire crab
 11358 | D:9      | Noticed an orc sorcerer
 11363 | D:9      | Noticed a kobold demonologist
 11365 | D:9      | Noticed a kobold demonologist
 11583 | D:10     | Entered Level 10 of the Dungeon
 11661 | D:10     | Noticed Maurice
 11667 | D:10     | Noticed Erolcha
 11680 | D:10     | Killed Erolcha
 11680 | D:10     | Reached skill level 8 in Axes
 11689 | D:10     | Killed Maurice
 11689 | D:10     | Reached XP level 11. HP: 59/70 MP: 13/20
 11774 | D:10     | Identified a scroll of acquirement
 11805 | D:10     | Identified the Tome of the Dislocated Snowflakes
 11838 | D:10     | Learned a level 4 spell: Passage of Golubria
 12073 | D:9      | Learned a level 1 spell: Apportation
 12079 | D:9      | Learned a level 5 spell: Alistair's Intoxication
 12409 | D:10     | Noticed Nergalle
 12413 | D:10     | Noticed a deep elf archer
 12416 | D:10     | Noticed a deep troll
 12419 | D:10     | Killed Nergalle
 12419 | D:10     | Reached skill level 5 in Fighting
 12419 | D:10     | Reached skill level 9 in Axes
 12419 | D:10     | Reached skill level 1 in Transmutations
 12419 | D:10     | Reached skill level 5 in Fire Magic
 12447 | D:9      | Killed a deep troll
 12758 | D:10     | Killed a deep elf archer
 12758 | D:10     | Reached skill level 5 in Air Magic
 13042 | D:10     | Found an ornate altar of the Wu Jian Council.
 13042 | D:10     | Found a shadowy altar of Dithmenos.
 13043 | D:10     | Noticed Sonja
 13056 | D:10     | Noticed a manticore
 13060 | D:10     | Noticed a cyclops
 13064 | D:10     | Killed Sonja
 13073 | D:10     | Killed a manticore
 13083 | D:10     | Killed a cyclops
 13344 | D:11     | Noticed a deep elf mage
 13349 | D:11     | Noticed a cyclops
 13355 | D:11     | Killed a deep elf mage
 13361 | D:11     | Killed a cyclops
 13368 | D:11     | Noticed a two-headed ogre
 13383 | D:11     | Killed a two-headed ogre
 13477 | D:11     | Noticed a cyclops
 13494 | D:11     | Killed a cyclops
 13494 | D:11     | Reached skill level 5 in Dodging
 13524 | D:11     | Reached XP level 12. HP: 50/77 MP: 18/22
 13576 | D:10     | Learned a level 6 spell: Invisibility
 13663 | D:10     | Gained mutation: Your mind is acute. (Int +2) [evolution]
 14235 | D:9      | Reached skill level 1 in Hexes
 14238 | D:9      | Reached skill level 1 in Evocations
 14240 | D:9      | Reached skill level 5 in Shields
 14379 | Lair:1   | Noticed Grum
 14387 | Lair:1   | Mangled by a four-headed hydra

Illustrated notes

Levels and vault maps discovered:
D:1:      dpeg_arrival_chambers_temple_mockup, layout_rooms, hex_intersection
D:2:      layout_basic, grunt_temple_overflow_open, first_ration,
          minmay_misc_feat_five, okawaru_gym_becter
D:3:      layout_rooms, gammafunk_ghost_necromancy, minivault_5,
          hangedman_decor_riveting
D:4:      minmay_bubble_buster, layout_loops_ring, uniq_robin
D:5:      layout_basic
D:6:      layout_gridville, nemelex_xobeh_ov_fountains_minmay
D:7:      layout_basic, minmay_temple_entry_fiery, basic_altar,
          nicolae_tso_swordbearing_angel
D:8:      hangedman_cross_stitches, layout_basic, lair_entry_dummy
D:9:      gammafunk_wand_slinger, layout_irregular_city, david_orc_3,
          uniq_maggie
D:10:     layout_roguey, grunt_livestock, jmf_multi_god_temple, uniq_erolcha,
          uniq_sonja, uniq_nergalle, uniq_maurice
D:11:     hangedman_cross_veins, layout_basic, minivault_23
Temple:   nicolae_temple_no_exploring_needed
Lair:1:   layout_roguey, uniq_grum

Skill      XL: |  1  2  3  4  5  6  7  8  9 10 11 12 |
---------------+-------------------------------------+-----
Poison Magic   | 1 2 3 4 5 6 |  6.6
Fighting       | 1 2 3 4 5 |  5.5
Throwing       | 1 2 3 |  3.0
Spellcasting   | 4 5 6 7 |  7.4
Air Magic      | 1 2 3 4 5 |  5.6
Conjurations   | 2 3 4 |  4.2
Translocations | 2 3 |  3.5
Axes           | 2 5 6 8 9 |  9.9
Dodging        | 3 4 5 |  5.1
Fire Magic     | 1 2 3 4 5 |  5.5
Shields        | 1 2 3 4 5 |  5.1
Transmutations | 2 |  2.6
Hexes          | 1 |  1.7
Evocations     | 1 |  1.5
Short Blades   | |  0.3
Polearms       | |  0.5
Stealth        | |  2.6
Summonings     | |  1.0
Invocations    | |  0.4

Action                   |  1- 3 |  4- 6 |  7- 9 | 10-12 || total
-------------------------+-------+-------+-------+-------++-------
Melee: Dagger            |    39 |       |       |       ||    39
       Constrict         |    10 |    14 |    43 |    40 ||   107
       Tentacles         |     2 |    11 |    27 |    40 ||    80
       Short sword       |     2 |     5 |       |       ||     7
       Hand axe          |       |    54 |   228 |   215 ||   497
       Spear             |       |       |    10 |    21 ||    31
Throw: Dart              |    23 |    27 |    67 |    81 ||   198
       Boomerang         |     4 |     3 |       |       ||     7
 Cast: Magic Dart        |    37 |    17 |    34 |    30 ||   118
       Blink             |       |     9 |     9 |     6 ||    24
       Conjure Flame     |       |     1 |     4 |     2 ||     7
       Mephitic Cloud    |       |       |    15 |    37 ||    52
       Apportation       |       |       |       |     4 ||     4
       Alistair's Intoxi |       |       |       |     1 ||     1
Invok: Elemental Force   |       |       |       |     1 ||     1
Evoke: Wand              |       |       |       |     1 ||     1
  Use: Scroll            |       |     4 |     3 |     4 ||    11
       Potion            |       |     2 |       |       ||     2
 Stab: Sleeping          |     1 |       |     3 |       ||     4
       Confused          |       |       |     4 |    20 ||    24
  Eat: Chunk             |     2 |     2 |    17 |    11 ||    32
       Ration            |       |     2 |       |     1 ||     3
Armor: Skin              |     2 |     4 |     8 |    16 ||    30
Dodge: Dodged            |    45 |    34 |   118 |    91 ||   288
       Repelled          |       |       |       |    11 ||    11
Block: Other             |       |     9 |    49 |    78 ||   136
       Reflection        |       |       |     5 |    15 ||    20

Table legend:
 A = Non-vault XP
 B = Vault XP
 C = Vault XP percentage of total XP
 D = Non-vault monster count
 E = Vault monster count
 F = Vault count percentage of total count
                 A         B        C        D         E       F
            +---------+---------+-------+---------+---------+-------
      Total |   11455 |   11192 |  49.4 |     242 |      61 |  20.1
            +---------+---------+-------+---------+---------+-------
        D:1 |      35 |       0 |   0.0 |      18 |       0 |   0.0
        D:2 |      65 |       0 |   0.0 |      23 |       0 |   0.0
        D:3 |     316 |      77 |  19.6 |      22 |       4 |  15.4
        D:4 |     667 |     140 |  17.3 |      16 |      11 |  40.7
        D:5 |     201 |      16 |   7.4 |      13 |       8 |  38.1
        D:6 |     955 |       0 |   0.0 |      25 |       0 |   0.0
        D:7 |     886 |       0 |   0.0 |      17 |       0 |   0.0
        D:8 |    1628 |    1238 |  43.2 |      37 |       9 |  19.6
        D:9 |    1546 |    3854 |  71.4 |      32 |      16 |  33.3
       D:10 |    1864 |    5751 |  75.5 |      26 |      12 |  31.6
       D:11 |    2930 |       0 |   0.0 |      11 |       0 |   0.0
     Lair:1 |     362 |     116 |  24.3 |       2 |       1 |  33.3
            +---------+---------+-------+---------+---------+-------
